 Dungeon Crawl Stone Soup version 0.30.1-11-g7821555f0a (webtiles) character file.

Game seed: 12012783769642497259

6839 Gabide the God-Hated (level 11, -1/81 HPs)
             Began as a Barachi Hunter on Nov 12, 2023.
             Slain by a black mamba (12 damage)
             ... on level 1 of the Lair of Beasts.
             The game lasted 00:25:58 (12108 turns).

Gabide the God-Hated (Barachi Hunter)              Turns: 12108, Time: 00:25:58

Health: -1/81      AC: 11    Str: 12    XL:     11   Next: 5%
Magic:  19/19      EV: 15    Int: 11    God:
Gold:   376        SH:  0    Dex: 19    Spells: 10/10 levels left

rFire   + . .        a - +0 shortbow
rCold   . . .        (shield currently unavailable)
rNeg    . . .        m - +0 steam dragon scales
rPois   .            f - +2 helmet
rElec   .            t - +0 cloak
rCorr   .            q - +0 pair of gloves
SInv    .            p - +0 pair of boots
Will    .....        e - amulet of magic regeneration
Stlth   ++           i - ring of protection from fire
HPRegen 0.33/turn    u - ring of flight
MPRegen 0.56/turn

%: no passive effects
@: lethally poisoned (-1 -> -13), unable to hop, flying, slow
A: amphibious, slowness 1, strong legs 1, +LOS
a: Hop


You were on level 1 of the Lair of Beasts.
You visited 3 branches of the dungeon, and saw 11 of its levels.

You collected 616 gold pieces.
You spent 240 gold pieces at shops.

Inventory:

Hand Weapons
 a - a +0 shortbow (weapon)
 g - a +0 sling
Armour
 f - a +2 helmet (worn)
 m - +0 steam dragon scales (worn)
 n - a scarf of repulsion
 p - a +0 pair of boots (worn)
 q - a +0 pair of gloves (worn)
 t - a +0 cloak (worn)
Jewellery
 e - an amulet of magic regeneration (around neck)
 i - a ring of protection from fire (left hand)
 u - a ring of flight (right hand)
Wands
 c - a wand of iceblast (2)
 l - a wand of digging (13)
Scrolls
 j - 9 scrolls of teleportation
 v - 4 scrolls of fog
 x - a scroll of amnesia
 y - 2 scrolls of fear
Potions
 b - a potion of degeneration {unknown}
 d - 2 potions of mutation
 h - 3 potions of curing
 k - a potion of might {unknown}
 o - a potion of flight {unknown}
 r - a potion of invisibility
 s - a potion of brilliance
 w - 2 potions of resistance {unknown}


   Skills:
 - Level 6.0 Fighting
 + Level 9.3 Ranged Weapons
 - Level 6.0 Dodging
 - Level 1.0 Stealth
 * Level 11.5 Invocations


You had 10 spell levels left.
You didn't know any spells.
Your spell library contained the following spells:

 Spells                   Type           Power      Damage    Failure   Level
 Sandblast                Erth           0%         2d4       34%         1
 Passwall                 Tmut/Erth      0%         N/A       47%         2
 Sublimation of Blood     Necr           0%         N/A       47%         2
 Call Canine Familiar     Summ           0%         N/A       71%         3
 Portal Projectile        Hex/Tloc       0%         N/A       71%         3
 Stone Arrow              Conj/Erth      0%         3d7       71%         3
 Vhi's Electric Charge    Tloc/Air       0%         N/A       71%         3
 Animate Dead             Necr           0%         N/A       98%         4
 Leda's Liquefaction      Hex/Erth       0%         N/A       98%         4
 Petrify                  Tmut/Erth      0%         N/A       98%         4
 Arcjolt                  Conj/Air       0%         1d10      100%        5
 Irradiate                Conj/Tmut      0%         3d11      100%        5
 Lee's Rapid Deconstruct  Erth           0%         3d4*      100%        5
 Plasma Beam              Fire/Air       0%         2x1d11    100%        6
 Statue Form              Tmut/Erth      0%         N/A       100%        6
 Haunt                    Necr/Summ      0%         N/A       100%        7
 Infestation              Necr           0%         N/A       100%        8


Dungeon Overview and Level Annotations

Branches:
Dungeon (9/15)             Temple (1/1) D:6            Lair (1/5) D:8
    Orc: D:9-12

Altars:
Ashenzari
Cheibriados
Dithmenos
Elyvilon
Fedhas
Gozag
Kikubaaqudgha
Makhleb
Nemelex Xobeh
Okawaru
Ru
Sif Muna
Vehumet
Xom
Yredelemnul
The Shining One

Shops:
D:1 (   D:4 (*[*   D:7 **[[

Annotations:
D:9 1 runed translucent door, SacredBeard's ghost, novice HOFi


Innate Abilities, Weirdness & Mutations

You are amphibious.
You cover ground slowly.
You can hop short distances.
You have an extended range of vision and can be seen from far away.


Message History

You are too injured to fight recklessly!
You are too injured to fight recklessly!
You are too injured to fight recklessly!
You are too injured to fight recklessly!
You are too injured to fight recklessly!
You are too injured to fight recklessly!
Fire: a) +0 shortbow
Press: ? - help, Q - select action, (/) - cycle Shift-Dir - straight line, f/p - black mamba
Aim: a black mamba (severely wounded, 54% to hit)
You shoot an arrow. The arrow misses the black mamba.
You feel very sick. The black mamba bites you!
You are lethally poisoned!
The black mamba poisons you!
You feel better. The black mamba bites you.
The black mamba bites you but does no damage.
Hop to where?
Press: ? - help, Dir - move target, p - black mamba Boing!
Aiming: Iceblast
Press: ? - help, Shift-Dir - straight line The mass of ice explodes!
The iceblast engulfs the black mamba!
The black mamba is severely wounded.
The black mamba bites you!
* * * LOW HITPOINT WARNING * * *
The black mamba barely misses you.
Aiming: Iceblast
Press: ? - help, Shift-Dir - straight line The mass of ice explodes!
The black mamba barely misses you. The black mamba misses you.
Unknown command.
Aiming: Iceblast
Press: ? - help, Shift-Dir - straight line The mass of ice explodes!
The iceblast engulfs the black mamba!
The black mamba is almost dead.
The black mamba bites you!
* * * LOW HITPOINT WARNING * * *
You are lethally poisoned!
The black mamba poisons you! The black mamba bites you!
You die...

## ### #.. ##. #.. .. # ###
#.. .....#.##.##### ##..
..............############..#
......###.#S@...............#
.... ##.####.###.#.......# ..
### ### #########.. #... ##.#
#... #.## ##.# ##.##


You could see a black mamba.

Vanquished Creatures
  Joseph (D:7)
  2 unseen horror skeletons (D:9)
  Grinder (D:5)
  10 blink frogs
  A shadow (D:9)
  A yak (D:7)
  An unseen horror simulacrum (D:9)
  3 wyverns
  2 steam dragons
  2 orc warriors (D:8)
  A sky beast (D:6)
  3 black bears
  2 kobold brigands (D:8)
  4 bullfrogs
  Blork the orc (D:4)
  6 scorpions
  3 wights
  3 killer bees (D:7)
  An electric eel (Lair:1)
  5 howler monkeys
  A jelly (D:5)
  2 gnoll boudas
  2 orc priests
  A centaur skeleton (D:9)
  2 hounds (D:5)
  A sleepcap (D:5)
  4 iguanas
  11 orc wizards
  10 gnolls
  5 adders
  A howler monkey skeleton (D:9)
  2 white imps
  An ufetubus (D:5)
  3 worms
  4 dart slugs
  24 orcs
  8 ball pythons
  8 endoplasms
  3 giant cockroaches
  4 goblins
  7 hobgoblins
  9 jackals
  6 quokkas
  9 bats
  7 frilled lizards
  17 kobolds
  6 rats
211 creatures vanquished.

Vanquished Creatures (others)
  An orc wizard (D:9)
1 creature vanquished.

Grand Total: 212 creatures vanquished

Notes
Turn   | Place    | Note
-------+----------+-------------------------------------------
     0 | D:1      | Gabide the Barachi Hunter began the quest for the Orb.
     0 | D:1      | Reached XP level 1. HP: 17/17 MP: 1/1
    53 | D:1      | Reached skill level 1 in Stealth
    78 | D:1      | Reached XP level 2. HP: 23/23 MP: 2/2
   231 | D:1      | Reached skill level 1 in Invocations
   231 | D:1      | Reached XP level 3. HP: 28/28 MP: 3/3
   239 | D:1      | Found Rumute's Antique Weapon Emporium.
   745 | D:1      | You fall into a shaft and drop 1 floor!
   974 | D:2      | Reached XP level 4. HP: 35/35 MP: 5/5
  1636 | D:3      | Noticed a scorpion
  1646 | D:3      | Killed a scorpion
  1647 | D:3      | Reached skill level 5 in Ranged Weapons
  1647 | D:3      | Reached skill level 2 in Invocations
  1647 | D:3      | Reached XP level 5. HP: 41/41 MP: 6/6
  1713 | D:3      | Found a shadowy altar of Dithmenos.
  2269 | D:4      | Reached skill level 3 in Invocations
  2269 | D:4      | Reached XP level 6. HP: 38/47 MP: 6/8
  2381 | D:4      | Found Piacvy's Assorted Antiques.
  2390 | D:4      | Bought a pair of boots for 108 gold pieces
  2390 | D:4      | Bought a pair of gloves for 108 gold pieces
  2390 | D:4      | Bought a scroll labelled KEXZABU HONLOA for 24 gold pieces
  2568 | D:4      | Found Reathrier's Armour Boutique.
  3121 | D:4      | Found Voykoet's Weapon Shoppe.
  3218 | D:4      | Noticed Blork the orc
  3226 | D:4      | Killed Blork the orc
  3227 | D:4      | Reached skill level 4 in Invocations
  3340 | D:4      | Found Pyqeph's Assorted Antiques.
  3443 | D:5      | Entered Level 5 of the Dungeon
  3488 | D:5      | Reached XP level 7. HP: 39/52 MP: 10/10
  3540 | D:5      | Noticed Grinder
  3544 | D:5      | Paralysed by Grinder for 3 turns
  3550 | D:5      | Paralysed by Grinder for 2 turns
  3570 | D:5      | Killed Grinder
  3571 | D:5      | Reached skill level 5 in Invocations
  3988 | D:5      | Found a sacrificial altar of Ru.
  4024 | D:5      | Reached skill level 6 in Invocations
  4577 | D:6      | Reached XP level 8. HP: 58/58 MP: 12/12
  4871 | D:6      | Reached skill level 7 in Invocations
  4906 | D:6      | Found a staircase to the Ecumenical Temple.
  5132 | Temple   | Entered the Ecumenical Temple
  5822 | D:7      | Found a snail-covered altar of Cheibriados.
  5843 | D:7      | Found Budiduos's Assorted Antiques.
  5975 | D:7      | Found Ohebba's General Store.
  5979 | D:7      | Noticed Joseph
  6201 | D:7      | Found Jeiweom's Armour Shop.
  6201 | D:7      | Noticed an animated pearl dragon scales
  6202 | D:7      | Noticed an animated plate armour
  6212 | D:7      | Found Zeariug's Antique Armour Emporium.
  6637 | D:7      | Found an iron altar of Okawaru.
  6930 | D:8      | Noticed a wyvern
  6944 | D:7      | Reached XP level 9. HP: 40/66 MP: 14/14
  7325 | D:7      | Reached skill level 8 in Invocations
  7626 | D:7      | Reached skill level 5 in Fighting
  7814 | D:7      | Killed Joseph
  7815 | D:7      | Reached skill level 5 in Dodging
  8722 | D:7      | HP: 2/69 [killer bee (4)]
  8994 | D:8      | Reached skill level 9 in Invocations
  9043 | D:8      | Found a sparkling altar of Nemelex Xobeh.
  9144 | D:8      | Reached XP level 10. HP: 51/76 MP: 16/16
  9306 | D:8      | Found a staircase to the Lair.
  9889 | D:9      | Reached skill level 10 in Invocations
 10123 | D:9      | Found a runed translucent door.
 10125 | D:9      | Noticed SacredBeard's ghost (novice HOFi)
 10127 | D:9      | Identified the +5 spear of Sunlight {drain, rPois rC-
                  | Will+}
 10923 | Lair:1   | Entered Level 1 of the Lair of Beasts
 11102 | D:8      | HP: 3/76 [blink frog (9)]
 11635 | Lair:1   | Reached skill level 11 in Invocations
 11712 | Lair:1   | Reached XP level 11. HP: 75/81 MP: 19/19
 12108 | Lair:1   | Slain by a black mamba

Illustrated notes

Levels and vault maps discovered:
D:1:      dpeg_arrival_rooms_c, layout_rooms, serial_shops, shop,
          serial_bayou_pond_c
D:2:      kb_forest_paths, layout_basic
D:3:      layout_loops_ring, nicolae_dithmenos_the_darkroom
D:4:      layout_loops_ring, serial_shops, nicolae_shop_bloodbath_and_beyond,
          kennysheep_mini, shop, nicolae_shop_real_fake_doors,
          uniq_blork_the_orc
D:5:      layout_loops_corners, nicolae_ru_awakened_eye,
          corexii_leaking_fountain, reono_crystal_passage, serial_park_tiny_2,
          uniq_grinder
D:6:      layout_rooms, minmay_temple_entry_sparse_star
D:7:      minmay_flawed_box, layout_basic, okawaru_ov_weapons_minmay,
          general_overflow_altar, serial_shops, nicolae_shop_mannequins, shop,
          nicolae_shop_peninsula, nicolae_shop_peninsula,
          kennysheep_windowed_goal, uniq_joseph
D:8:      layout_cave_pools, nemelex_xobeh_ov_fountains_minmay,
          grunt_lair_entry_orc_guard_hut, kennysheep_generic_room_4
D:9:      layout_basic, ebering_ghost_funeral_grove, hangedman_weighted_door
Temple:   minmay_temple_curvy_loop
Lair:1:   layout_cave_pods, serial_bayou_shore_a, infiniplex_staircase_pool,
          serial_bayou_shore_b, serial_bayou_shore_b

Skill      XL: |  1  2  3  4  5  6  7  8  9 10 |
---------------+-------------------------------+-----
Stealth        | 1 |  1.0
Invocations    | 1 2 3 4 6 7 9 11 | 11.5
Fighting       | 3 4 6 |  6.0
Ranged Weapons | 5 6 7 9 |  9.3
Dodging        | 3 4 5 6 |  6.0

Action                     |  1- 3 |  4- 6 |  7- 9 | 10-12 || total
---------------------------+-------+-------+-------+-------++-------
   Fire: Shortbow          |    94 |   229 |   564 |   236 ||  1123
Ability: Hop               |     1 |     4 |    15 |     3 ||    23
  Evoke: Wand              |       |       |    18 |     9 ||    27
    Use: Scroll            |       |     8 |    12 |     3 ||    23
         Potion            |       |     1 |    10 |     3 ||    14
 Armour: Leather armour    |     9 |    30 |   173 |       ||   212
         Steam dragon scal |       |       |     5 |    63 ||    68
  Dodge: Dodged            |    12 |    81 |   299 |   163 ||   555
         Repelled          |       |       |     2 |       ||     2
